 Dungeon Crawl Stone Soup version 0.30-a0-377-g5cb311bc9f (webtiles) character file.

Game seed: 15798890295316275359

21 qeuew the Shield-Bearer (level 3, 29/29 HPs)
             Began as a Formicid Fighter on Nov 28, 2022.
             Was a Follower of Trog.
             Quit the game on level 1 of the Dungeon.
             The game lasted 00:00:45 (494 turns).

qeuew the Shield-Bearer (Formicid Fighter)           Turns: 494, Time: 00:00:46

Health: 29/29      AC:  6    Str: 20    XL:     3   Next: 2%
Magic:  3/3        EV:  8    Int:  7    God:    Trog [*.....]
Gold:   11         SH:  9    Dex: 15    Spells: 2/2 levels left

rFire   . . .      SeeInvis +    a - +0 war axe
rCold   . . .      Faith    .    g - +0 kite shield
rNeg    . . .      Spirit   .    b - +0 scale mail
rPois   .          Reflect  .    (helmet unavailable)
rElec   .          Harm     .    (no cloak)
rCorr   .          Rampage  .    (no gloves)
Will    .....                    (no boots)
Stlth   ..........               (no amulet)
HPRegen 0.24/turn                (no ring)
MPRegen 0.08/turn                (no ring)

@: no status effects
A: permanent stasis, dig shafts and tunnels, antennae 3, four strong arms
a: Dig, Shaft Self, Renounce Religion


You were on level 1 of the Dungeon.
You worshipped Trog.
Trog was aware of your devotion.
You visited 1 branch of the dungeon, and saw 1 of its levels.

You collected 11 gold pieces.

Inventory:

Hand Weapons
 a - a +0 war axe (weapon)
Armour
 b - a +0 scale mail (worn)
 g - a +0 kite shield (worn)
Scrolls
 e - a scroll of enchant armour {unknown}
Potions
 c - a potion of resistance {unknown}
 d - a potion of might
 f - a potion of attraction {unknown}


   Skills:
 + Level 3.5 Fighting
 + Level 2.2 Axes
 + Level 3.5 Armour
 + Level 0.6 Dodging
 + Level 4.3 Shields


You had 2 spell levels left.
You didn't know any spells.
Your spell library contained the following spells:

 Spells                   Type           Power      Damage    Failure   Level
 Magic Dart               Conj           0%         1d3       96%         1
 Searing Ray              Conj           0%         2d4       99%         2
 Fulminant Prism          Conj/Hex       0%         3d5       100%        4


Dungeon Overview and Level Annotations

Branches:
Dungeon (1/15)

Altars:
Trog


Innate Abilities, Weirdness & Mutations

You cannot be hasted, slowed, berserked, paralysed or teleported.
You can dig through walls and to a lower floor.
You have a pair of large antennae on your head. (SInv)
Your four strong arms can wield two-handed weapons with a shield.


Message History

You miss the kobold.
The endoplasm jiggles.
You block the kobold's attack.
You miss the kobold. You slash the endoplasm!
You kill the endoplasm!
The kobold hits you with a +0 short sword.
You block the kobold's attack.
You slash the kobold!
You kill the kobold!
No target in view!
No target in view!
No target in view!
You sense a monster nearby.
The bat hits the plant.
The plant begins to die.
The bat hits the plant. x2
The bat hits the plant.
The plant begins to die.
The bat hits the plant. x2
Something hits the plant. x3
A nearby plant withers and dies.
A bat is nearby!
A bat is nearby!
A bat is nearby!
A nearby plant withers and dies.
The bat hits you.
You see here a sedimented red potion.
You barely miss the bat. The bat hits you but does no damage. x2
You slash the bat!
You kill the bat!
You have reached level 3!
Your experience leads to an increase in your attributes!
Increase (S)trength, (I)ntelligence, or (D)exterity?
You feel agile. x2
c - a sedimented red potion
Found a faded altar of an unknown god.
No target in view!
Found a stone staircase leading down.
Unknown command.
The ball python hisses angrily.
There is a faded altar of an unknown god here.
This altar belongs to (a) Lugonu, (b) Ashenzari or (c) Trog, but you can't tell which.
Press the corresponding letter to learn more about a god, or press enter to convert or escape to cancel.
Trog accepts your prayer! Trog welcomes you!
Are you sure you want to abandon this character and quit the game? (Confirm with "yes".)

#.###..#...##.......###.#...
#.# #..............###.###.#
#.# #.#.........#.###.## ##.
#.###.###P###P###.#..## ##
#.....#..P..... #...#.## ##.
#####.#.#P#P#.#.#..###.###.#
##.#..P. .P..#.## ##.#..♣
#..###P###.###.######...♣
#..#P...@PS..#.......##♣.
#..###.###P###.####### .
#..#.........#.# .
##.#.#.#.#.#P#.# .
#.#..P..†...#.# .
#.###.###.###.# .
#.#.........#.#
#.............#
#........#####.##


You could see a ball python.

Vanquished Creatures
  A ball python (D:1)
  2 bats (D:1)
  3 endoplasms (D:1)
  A hobgoblin (D:1)
  2 jackals (D:1)
  3 quokkas (D:1)
  A frilled lizard (D:1)
  2 goblins (D:1)
  2 kobolds (D:1)
17 creatures vanquished.

Vanquished Creatures (others)
  2 plants (D:1)
2 creatures vanquished.

Grand Total: 19 creatures vanquished

Notes
Turn   | Place    | Note
-------+----------+-------------------------------------------
     0 | D:1      | qeuew the Formicid Fighter began the quest for the Orb.
     0 | D:1      | Reached XP level 1. HP: 18/18 MP: 1/1
    90 | D:1      | Reached XP level 2. HP: 20/24 MP: 2/2
   461 | D:1      | Reached XP level 3. HP: 28/29 MP: 3/3
   466 | D:1      | Found a faded altar of an unknown god.
   493 | D:1      | Prayed at the altar of an unknown god.
   493 | D:1      | Became a worshipper of Trog the Wrathful
   493 | D:1      | Reached * piety under Trog
   494 | D:1      | Quit the game

Illustrated notes

Levels and vault maps discovered:
D:1:      saegor_arrival_under_anarchy, layout_loops_corners,
          shapermc_ecumenical_altar_mp_urbaneastern

Action                   || total
-------------------------++-------
Melee: War axe           ||    38
Armor: Scale mail        ||    13
Dodge: Dodged            ||    12
Block: Buckler           ||     8
       Kite shield       ||     4

Table legend: (Time is in decaauts)
 A = Elapsed time spent in this place.
 B = Non-inter-level travel time spent in this place.
 C = Inter-level travel time spent in this place.
 D = Time resting spent in this place.
 E = Time spent auto-exploring this place.
 F = Levels seen in this place.
 G = Mean time per level.
                   A        B        C        D        E       F      G
               +--------+--------+--------+--------+--------+-----+--------+
         Total |    510 |    510 |      0 |      0 |    360 |   1 |  510.0 |
       Dungeon |    510 |    510 |      0 |      0 |    360 |   1 |  510.0 |
               +--------+--------+--------+--------+--------+-----+--------+

Top non-repeatable levels by time:
     D:1: 510 daAuts
